%YAML 1.1
%TAG !u! tag:unity3d.com,2011:
--- !u!29 &1
OcclusionCullingSettings:
  m_ObjectHideFlags: 0
  serializedVersion: 2
  m_OcclusionBakeSettings:
    smallestOccluder: 5
    smallestHole: 0.25
    backfaceThreshold: 100
  m_SceneGUID: 00000000000000000000000000000000
  m_OcclusionCullingData: {fileID: 0}
--- !u!104 &2
RenderSettings:
  m_ObjectHideFlags: 0
  serializedVersion: 9
  m_Fog: 0
  m_FogColor: {r: 0.5, g: 0.5, b: 0.5, a: 1}
  m_FogMode: 3
  m_FogDensity: 0.01
  m_LinearFogStart: 0
  m_LinearFogEnd: 300
  m_AmbientSkyColor: {r: 0.212, g: 0.227, b: 0.259, a: 1}
  m_AmbientEquatorColor: {r: 0.114, g: 0.125, b: 0.133, a: 1}
  m_AmbientGroundColor: {r: 0.047, g: 0.043, b: 0.035, a: 1}
  m_AmbientIntensity: 1
  m_AmbientMode: 0
  m_SubtractiveShadowColor: {r: 0.42, g: 0.478, b: 0.627, a: 1}
  m_SkyboxMaterial: {fileID: 0}
  m_HaloStrength: 0.5
  m_FlareStrength: 1
  m_FlareFadeSpeed: 3
  m_HaloTexture: {fileID: 0}
  m_SpotCookie: {fileID: 10001, guid: 0000000000000000e000000000000000, type: 0}
  m_DefaultReflectionMode: 0
  m_DefaultReflectionResolution: 128
  m_ReflectionBounces: 1
  m_ReflectionIntensity: 1
  m_CustomReflection: {fileID: 0}
  m_Sun: {fileID: 0}
  m_IndirectSpecularColor: {r: 0, g: 0, b: 0, a: 1}
  m_UseRadianceAmbientProbe: 0
--- !u!157 &3
LightmapSettings:
  m_ObjectHideFlags: 0
  serializedVersion: 11
  m_GIWorkflowMode: 1
  m_GISettings:
    serializedVersion: 2
    m_BounceScale: 1
    m_IndirectOutputScale: 1
    m_AlbedoBoost: 1
    m_EnvironmentLightingMode: 0
    m_EnableBakedLightmaps: 1
    m_EnableRealtimeLightmaps: 0
  m_LightmapEditorSettings:
    serializedVersion: 12
    m_Resolution: 2
    m_BakeResolution: 40
    m_AtlasSize: 1024
    m_AO: 0
    m_AOMaxDistance: 1
    m_CompAOExponent: 1
    m_CompAOExponentDirect: 0
    m_ExtractAmbientOcclusion: 0
    m_Padding: 2
    m_LightmapParameters: {fileID: 0}
    m_LightmapsBakeMode: 1
    m_TextureCompression: 1
    m_FinalGather: 0
    m_FinalGatherFiltering: 1
    m_FinalGatherRayCount: 256
    m_ReflectionCompression: 2
    m_MixedBakeMode: 2
    m_BakeBackend: 2
    m_PVRSampling: 1
    m_PVRDirectSampleCount: 32
    m_PVRSampleCount: 512
    m_PVRBounces: 2
    m_PVREnvironmentSampleCount: 256
    m_PVREnvironmentReferencePointCount: 2048
    m_PVRFilteringMode: 1
    m_PVRDenoiserTypeDirect: 1
    m_PVRDenoiserTypeIndirect: 1
    m_PVRDenoiserTypeAO: 1
    m_PVRFilterTypeDirect: 0
    m_PVRFilterTypeIndirect: 0
    m_PVRFilterTypeAO: 0
    m_PVREnvironmentMIS: 1
    m_PVRCulling: 1
    m_PVRFilteringGaussRadiusDirect: 1
    m_PVRFilteringGaussRadiusIndirect: 5
    m_PVRFilteringGaussRadiusAO: 2
    m_PVRFilteringAtrousPositionSigmaDirect: 0.5
    m_PVRFilteringAtrousPositionSigmaIndirect: 2
    m_PVRFilteringAtrousPositionSigmaAO: 1
    m_ExportTrainingData: 0
    m_TrainingDataDestination: TrainingData
    m_LightProbeSampleCountMultiplier: 4
  m_LightingDataAsset: {fileID: 0}
  m_UseShadowmask: 0
--- !u!196 &4
NavMeshSettings:
  serializedVersion: 2
  m_ObjectHideFlags: 0
  m_BuildSettings:
    serializedVersion: 2
    agentTypeID: 0
    agentRadius: 0.5
    agentHeight: 2
    agentSlope: 45
    agentClimb: 0.4
    ledgeDropHeight: 0
    maxJumpAcrossDistance: 0
    minRegionArea: 2
    manualCellSize: 0
    cellSize: 0.16666667
    manualTileSize: 0
    tileSize: 256
    accuratePlacement: 0
    debug:
      m_Flags: 0
  m_NavMeshData: {fileID: 0}
--- !u!1 &22192848
GameObject:
  m_ObjectHideFlags: 0
  m_CorrespondingSourceObject: {fileID: 0}
  m_PrefabInstance: {fileID: 0}
  m_PrefabAsset: {fileID: 0}
  serializedVersion: 6
  m_Component:
  - component: {fileID: 22192849}
  - component: {fileID: 22192851}
  m_Layer: 0
  m_Name: -- MLP Combined Volume --
  m_TagString: Untagged
  m_Icon: {fileID: 0}
  m_NavMeshLayer: 0
  m_StaticEditorFlags: 0
  m_IsActive: 1
--- !u!4 &22192849
Transform:
  m_ObjectHideFlags: 0
  m_CorrespondingSourceObject: {fileID: 0}
  m_PrefabInstance: {fileID: 0}
  m_PrefabAsset: {fileID: 0}
  m_GameObject: {fileID: 22192848}
  m_LocalRotation: {x: -0, y: -0, z: -0, w: 1}
  m_LocalPosition: {x: 0, y: 0, z: 0}
  m_LocalScale: {x: 1, y: 1, z: 1}
  m_Children: []
  m_Father: {fileID: 1586160054}
  m_RootOrder: 0
  m_LocalEulerAnglesHint: {x: 0, y: 0, z: 0}
--- !u!220 &22192851
LightProbeGroup:
  m_ObjectHideFlags: 0
  m_CorrespondingSourceObject: {fileID: 0}
  m_PrefabInstance: {fileID: 0}
  m_PrefabAsset: {fileID: 0}
  m_GameObject: {fileID: 22192848}
  m_Enabled: 1
  m_SourcePositions:
  - {x: -5.430458, y: 0.3499814, z: 5.3685527}
  - {x: -5.430458, y: 0.3499814, z: 5.768553}
  - {x: -5.430458, y: 0.3499814, z: 6.1685524}
  - {x: -5.430458, y: 0.3499814, z: 6.5685525}
  - {x: -5.430458, y: 0.3499814, z: 6.9685526}
  - {x: -5.430458, y: 0.3499814, z: 7.3685527}
  - {x: -5.430458, y: 0.3499814, z: 7.768553}
  - {x: -5.430458, y: 0.3499814, z: 8.168552}
  - {x: -5.430458, y: 0.3499814, z: 8.568553}
  - {x: -5.430458, y: 0.3499814, z: 8.968553}
  - {x: -5.430458, y: 0.3499814, z: 9.368553}
  - {x: -5.430458, y: 0.3499814, z: 9.768553}
  - {x: -5.430458, y: 0.3499814, z: 10.168552}
  - {x: -5.430458, y: 0.3499814, z: 10.568552}
  - {x: -5.430458, y: 0.3499814, z: 10.968553}
  - {x: -5.430458, y: 0.3499814, z: 11.368553}
  - {x: -5.430458, y: 0.3499814, z: 11.768553}
  - {x: -5.430458, y: 0.3499814, z: 12.168552}
  - {x: -5.430458, y: 0.3499814, z: 12.568552}
  - {x: -5.430458, y: 0.3499814, z: 12.968553}
  - {x: -5.430458, y: 0.3499814, z: 13.368553}
  - {x: -5.430458, y: 0.3499814, z: 13.768553}
  - {x: -5.430458, y: 0.3499814, z: 14.168552}
  - {x: -5.430458, y: 0.3499814, z: 14.568553}
  - {x: -5.0804577, y: 0.3499814, z: 13.368553}
  - {x: -5.0804577, y: 0.3499814, z: 13.768553}
  - {x: -5.0556054, y: 0.75713414, z: 14.568553}
  - {x: -5.0556054, y: 1.1571342, z: 14.568553}
  - {x: -5.0556054, y: 1.5571342, z: 14.568553}
  - {x: -5.0556054, y: 1.9571341, z: 14.568553}
  - {x: -5.0556054, y: 2.357134, z: 14.568553}
  - {x: -5.0556054, y: 2.757134, z: 14.568553}
  - {x: -5.0556054, y: 3.157134, z: 14.568553}
  - {x: -5.0556054, y: 3.5571342, z: 14.568553}
  - {x: -5.0556054, y: 3.957134, z: 14.568553}
  - {x: -5.0556054, y: 4.3571343, z: 14.568553}
  - {x: -5.0556054, y: 4.7571344, z: 14.568553}
  - {x: -4.6804576, y: 0.3499814, z: 12.968553}
  - {x: -4.6804576, y: 0.3499814, z: 13.368553}
  - {x: -4.6804576, y: 0.3499814, z: 13.768553}
  - {x: -4.880459, y: 0.7571342, z: 14.3822}
  - {x: -4.880459, y: 1.1571342, z: 14.3822}
  - {x: -4.880459, y: 1.5571342, z: 14.3822}
  - {x: -4.880459, y: 1.9571341, z: 14.3822}
  - {x: -4.880459, y: 2.357134, z: 14.3822}
  - {x: -4.880459, y: 2.757134, z: 14.3822}
  - {x: -4.880459, y: 3.157134, z: 14.3822}
  - {x: -4.880459, y: 3.5571342, z: 14.3822}
  - {x: -4.880459, y: 3.957134, z: 14.3822}
  - {x: -4.880459, y: 4.3571343, z: 14.3822}
  - {x: -4.880459, y: 4.7571344, z: 14.3822}
  - {x: -4.2804575, y: 0.3499814, z: 12.968553}
  - {x: -4.2804575, y: 0.3499814, z: 13.368553}
  - {x: -3.8804579, y: 0.3499814, z: 12.968553}
  - {x: -3.8804579, y: 0.3499814, z: 13.368553}
  - {x: -3.4804578, y: 0.3499814, z: 12.968553}
  - {x: -3.4804578, y: 0.3499814, z: 13.368553}
  - {x: -3.0804577, y: 0.3499814, z: 12.968553}
  - {x: -3.0804577, y: 0.3499814, z: 13.368553}
  - {x: -2.6804578, y: 0.3499814, z: 12.968553}
  - {x: -2.6804578, y: 0.3499814, z: 13.368553}
  - {x: -2.2804577, y: 0.3499814, z: 12.968553}
  - {x: -2.2804577, y: 0.3499814, z: 13.368553}
  - {x: -1.8804576, y: 0.3499814, z: 12.968553}
  - {x: -1.8804576, y: 0.3499814, z: 13.368553}
  - {x: -1.4804578, y: 0.3499814, z: 12.968553}
  - {x: -1.4804578, y: 0.3499814, z: 13.368553}
  - {x: -1.0804577, y: 0.3499814, z: 12.968553}
  - {x: -1.0804577, y: 0.3499814, z: 13.368553}
  - {x: -0.6804576, y: 0.3499814, z: 12.968553}
  - {x: -0.6804576, y: 0.3499814, z: 13.368553}
  - {x: -0.2804575, y: 0.3499814, z: 12.568552}
  - {x: -0.2804575, y: 0.3499814, z: 12.968553}
  - {x: -0.2804575, y: 0.3499814, z: 13.368553}
  - {x: 0.11954212, y: 0.3499814, z: 12.968553}
  - {x: 0.11954212, y: 0.3499814, z: 13.368553}
  - {x: 0.5195422, y: 0.3499814, z: 13.368553}
  - {x: 0.5195422, y: 1.5571342, z: 14.3822}
  - {x: 0.5195422, y: 1.9571341, z: 14.3822}
  - {x: 0.5195422, y: 2.357134, z: 14.3822}
  - {x: 0.9195423, y: 0.3499814, z: 13.368553}
  - {x: 0.9195423, y: 1.1571342, z: 14.3822}
  - {x: 0.9195423, y: 1.5571342, z: 14.3822}
  - {x: 0.9195423, y: 1.9571341, z: 14.3822}
  - {x: 0.9195423, y: 2.357134, z: 14.3822}
  - {x: 0.9195423, y: 2.757134, z: 14.3822}
  - {x: 1.3195424, y: 0.3499814, z: 12.968553}
  - {x: 1.3195424, y: 0.3499814, z: 13.368553}
  - {x: 1.3195424, y: 1.1571342, z: 14.3822}
  - {x: 1.3195424, y: 1.5571342, z: 14.3822}
  - {x: 1.3195424, y: 1.9571341, z: 14.3822}
  - {x: 1.3195424, y: 2.357134, z: 14.3822}
  - {x: 1.3195424, y: 2.757134, z: 14.3822}
  - {x: 1.7195425, y: 0.3499814, z: 12.568552}
  - {x: 1.7195425, y: 0.3499814, z: 12.968553}
  - {x: 1.7195425, y: 0.3499814, z: 13.368553}
  - {x: 1.7195425, y: 1.1571342, z: 14.3822}
  - {x: 1.7195425, y: 1.5571342, z: 14.3822}
  - {x: 1.7195425, y: 1.9571341, z: 14.3822}
  - {x: 1.7195425, y: 2.357134, z: 14.3822}
  - {x: 1.7195425, y: 2.757134, z: 14.3822}
  - {x: 2.1195421, y: 0.3499814, z: 12.568552}
  - {x: 2.1195421, y: 0.3499814, z: 12.968553}
  - {x: 2.1195421, y: 0.3499814, z: 13.368553}
  - {x: 2.1195421, y: 1.5571342, z: 14.3822}
  - {x: 2.1195421, y: 1.9571341, z: 14.3822}
  - {x: 2.1195421, y: 2.357134, z: 14.3822}
  - {x: 2.1195421, y: 2.757134, z: 14.3822}
  - {x: 2.1195421, y: 3.157134, z: 14.3822}
  - {x: 2.1195421, y: 3.5571342, z: 14.3822}
  - {x: 2.1195421, y: 3.957134, z: 14.3822}
  - {x: 2.5195422, y: 0.3499814, z: 12.568552}
  - {x: 2.5195422, y: 0.7571342, z: 14.3822}
  - {x: 2.5195422, y: 1.1571342, z: 14.3822}
  - {x: 2.5195422, y: 3.157134, z: 14.3822}
  - {x: 2.5195422, y: 3.5571342, z: 14.3822}
  - {x: 2.5195422, y: 3.957134, z: 14.3822}
  - {x: 2.5195422, y: 4.3571343, z: 14.3822}
  - {x: 2.5195422, y: 4.7571344, z: 14.3822}
  - {x: 2.9195428, y: 0.3499814, z: 11.368553}
  - {x: 2.9195428, y: 0.3499814, z: 11.768553}
  - {x: 2.9195428, y: 0.3499814, z: 13.368553}
  - {x: 2.9195428, y: 0.3499814, z: 13.768553}
  - {x: 2.9195428, y: 0.7571342, z: 14.3822}
  - {x: 2.9195428, y: 1.1571342, z: 14.3822}
  - {x: 2.9195428, y: 2.757134, z: 14.3822}
  - {x: 2.9195428, y: 3.157134, z: 14.3822}
  - {x: 2.9195428, y: 3.5571342, z: 14.3822}
  - {x: 2.9195428, y: 3.957134, z: 14.3822}
  - {x: 2.9195428, y: 4.3571343, z: 14.3822}
  - {x: 2.9195428, y: 4.7571344, z: 14.3822}
  - {x: 3.3195424, y: 0.3499814, z: 11.368553}
  - {x: 3.3195424, y: 0.3499814, z: 11.768553}
  - {x: 3.3195424, y: 0.3499814, z: 13.368553}
  - {x: 3.3195424, y: 0.3499814, z: 13.768553}
  - {x: 3.3195424, y: 0.7571342, z: 14.3822}
  - {x: 3.3195424, y: 1.1571342, z: 14.3822}
  - {x: 3.3195424, y: 2.757134, z: 14.3822}
  - {x: 3.3195424, y: 3.157134, z: 14.3822}
  - {x: 3.3195424, y: 3.5571342, z: 14.3822}
  - {x: 3.3195424, y: 3.957134, z: 14.3822}
  - {x: 3.3195424, y: 4.3571343, z: 14.3822}
  - {x: 3.3195424, y: 4.7571344, z: 14.3822}
  - {x: 3.719542, y: 0.3499814, z: 10.968553}
  - {x: 3.719542, y: 0.3499814, z: 11.368553}
  - {x: 3.719542, y: 0.3499814, z: 11.768553}
  - {x: 3.719542, y: 0.7571342, z: 14.3822}
  - {x: 3.719542, y: 1.1571342, z: 14.3822}
  - {x: 3.719542, y: 3.157134, z: 14.3822}
  - {x: 3.719542, y: 3.5571342, z: 14.3822}
  - {x: 3.719542, y: 3.957134, z: 14.3822}
  - {x: 3.719542, y: 4.3571343, z: 14.3822}
  - {x: 4.3338, y: 0.7571329, z: 8.168552}
  - {x: 4.3338, y: 0.7571329, z: 8.568553}
  - {x: 4.3338003, y: 0.7571329, z: 10.968553}
  - {x: 4.3338003, y: 0.7571329, z: 11.368553}
  - {x: 4.3338003, y: 0.7571329, z: 11.768553}
  - {x: 4.3338003, y: 0.7571329, z: 12.168553}
  - {x: 4.333801, y: 0.75713295, z: 12.568553}
  - {x: 4.333801, y: 0.75713295, z: 12.968554}
  - {x: 4.333801, y: 0.7571329, z: 13.368554}
  - {x: 4.333801, y: 0.7571329, z: 13.768554}
  - {x: 4.3338, y: 1.157133, z: 8.168552}
  - {x: 4.3338, y: 1.157133, z: 8.568553}
  - {x: 4.3338003, y: 1.157133, z: 10.168552}
  - {x: 4.3338003, y: 1.157133, z: 10.568552}
  - {x: 4.3338003, y: 1.157133, z: 10.968553}
  - {x: 4.3338003, y: 1.157133, z: 11.368553}
  - {x: 4.3338003, y: 1.157133, z: 11.768553}
  - {x: 4.3338003, y: 1.157133, z: 12.168553}
  - {x: 4.333801, y: 1.157133, z: 12.568553}
  - {x: 4.333801, y: 1.157133, z: 12.968554}
  - {x: 4.333801, y: 1.157133, z: 13.368554}
  - {x: 4.333801, y: 1.157133, z: 13.768554}
  - {x: 4.3338, y: 1.5571336, z: 8.168552}
  - {x: 4.3338, y: 1.5571336, z: 8.568553}
  - {x: 4.3338003, y: 1.5571336, z: 10.168552}
  - {x: 4.3338003, y: 1.5571336, z: 10.568552}
  - {x: 4.3338003, y: 1.5571336, z: 10.968553}
  - {x: 4.3338003, y: 1.5571336, z: 11.368553}
  - {x: 4.3338003, y: 1.5571336, z: 11.768553}
  - {x: 4.333801, y: 1.5571336, z: 13.368554}
  - {x: 4.333801, y: 1.5571336, z: 13.768554}
  - {x: 4.3338, y: 1.9571335, z: 8.168552}
  - {x: 4.3338, y: 1.9571335, z: 8.568553}
  - {x: 4.3338003, y: 1.9571335, z: 9.768553}
  - {x: 4.3338003, y: 1.9571335, z: 10.168552}
  - {x: 4.3338003, y: 1.9571335, z: 10.568552}
  - {x: 4.3338003, y: 1.9571335, z: 10.968553}
  - {x: 4.3338003, y: 1.9571335, z: 11.368553}
  - {x: 4.3338003, y: 1.9571335, z: 11.768553}
  - {x: 4.333801, y: 1.9571335, z: 13.368554}
  - {x: 4.333801, y: 1.9571335, z: 13.768554}
  - {x: 4.3338, y: 2.3571339, z: 8.168552}
  - {x: 4.3338, y: 2.3571339, z: 8.568553}
  - {x: 4.3338003, y: 2.3571339, z: 10.168552}
  - {x: 4.3338003, y: 2.3571339, z: 10.568552}
  - {x: 4.3338003, y: 2.3571339, z: 10.968553}
  - {x: 4.3338003, y: 2.3571339, z: 11.368553}
  - {x: 4.3338003, y: 2.3571339, z: 11.768553}
  - {x: 4.333801, y: 2.3571339, z: 13.368554}
  - {x: 4.333801, y: 2.3571339, z: 13.768554}
  - {x: 4.3338, y: 2.757134, z: 8.168552}
  - {x: 4.3338, y: 2.757134, z: 8.568553}
  - {x: 4.3338003, y: 2.757134, z: 10.168552}
  - {x: 4.3338003, y: 2.757134, z: 10.568552}
  - {x: 4.3338003, y: 2.757134, z: 10.968553}
  - {x: 4.3338003, y: 2.757134, z: 11.368553}
  - {x: 4.3338003, y: 2.757134, z: 11.768553}
  - {x: 4.3338003, y: 2.757134, z: 12.168553}
  - {x: 4.333801, y: 2.757134, z: 12.568553}
  - {x: 4.333801, y: 2.757134, z: 12.968554}
  - {x: 4.333801, y: 2.757134, z: 13.368554}
  - {x: 4.333801, y: 2.757134, z: 13.768554}
  - {x: 4.3338, y: 3.1571343, z: 8.168552}
  - {x: 4.3338, y: 3.1571343, z: 8.568553}
  - {x: 4.3338003, y: 3.1571343, z: 10.568552}
  - {x: 4.3338003, y: 3.1571343, z: 10.968553}
  - {x: 4.3338003, y: 3.1571343, z: 11.368553}
  - {x: 4.3338003, y: 3.1571343, z: 11.768553}
  - {x: 4.3338003, y: 3.1571343, z: 12.168553}
  - {x: 4.333801, y: 3.1571343, z: 12.568553}
  - {x: 4.333801, y: 3.1571343, z: 12.968554}
  - {x: 4.333801, y: 3.1571343, z: 13.368554}
  - {x: 4.333801, y: 3.1571343, z: 13.768554}
  - {x: 4.3338, y: 3.5571349, z: 8.168552}
  - {x: 4.3338, y: 3.5571349, z: 8.568553}
  - {x: 4.3338003, y: 3.5571349, z: 11.368553}
  - {x: 4.3338003, y: 3.5571349, z: 11.768553}
  - {x: 4.3338003, y: 3.5571349, z: 12.168553}
  - {x: 4.333801, y: 3.5571349, z: 12.568553}
  - {x: 4.333801, y: 3.5571349, z: 12.968554}
  - {x: 4.333801, y: 3.5571349, z: 13.368554}
  - {x: 4.333801, y: 3.5571349, z: 13.768554}
  - {x: 4.3338, y: 3.9571347, z: 8.168552}
  - {x: 4.3338, y: 3.9571347, z: 8.568553}
  - {x: 4.3338003, y: 3.9571347, z: 11.368553}
  - {x: 4.3338003, y: 3.9571347, z: 11.768553}
  - {x: 4.3338003, y: 3.9571347, z: 12.168553}
  - {x: 4.333801, y: 3.9571347, z: 12.568553}
  - {x: 4.333801, y: 3.9571347, z: 12.968554}
  - {x: 4.333801, y: 3.9571347, z: 13.368554}
  - {x: 4.333801, y: 3.9571347, z: 13.768554}
  - {x: 4.3338, y: 4.357136, z: 8.168552}
  - {x: 4.3338, y: 4.357136, z: 8.568553}
  - {x: 4.3338003, y: 4.357136, z: 11.768553}
  - {x: 4.3338003, y: 4.357136, z: 12.168553}
  - {x: 4.333801, y: 4.357136, z: 12.568553}
  - {x: 4.333801, y: 4.357136, z: 12.968554}
  - {x: 4.333801, y: 4.357136, z: 13.368554}
  - {x: 4.3338, y: 4.757136, z: 8.168552}
  - {x: 4.3338, y: 4.757136, z: 8.568553}
  - {x: 4.3338003, y: 4.757136, z: 12.168553}
  - {x: 4.333801, y: 4.757136, z: 12.568553}
  - {x: 4.333801, y: 4.757136, z: 12.968554}
  - {x: 4.333801, y: 4.757136, z: 13.368554}
  - {x: -5.0314903, y: 0.31510836, z: 14.568553}
  - {x: -4.2804575, y: 0.2823102, z: 14.38757}
  - {x: -3.4804578, y: 0.2823102, z: 14.38757}
  - {x: -2.6804583, y: 0.2823102, z: 14.38757}
  - {x: -1.8804576, y: 0.2823102, z: 14.38757}
  - {x: -1.0804577, y: 0.2823102, z: 14.38757}
  - {x: -0.2804575, y: 0.2823102, z: 14.38757}
  - {x: 0.518097, y: 0.27108532, z: 12.168552}
  - {x: 0.19184202, y: 0.3069797, z: 12.568552}
  - {x: 0.5195422, y: 0.2823102, z: 14.38757}
  - {x: 0.93250054, y: 0.34852794, z: 11.7797}
  - {x: 0.9195423, y: 0.2757549, z: 12.663472}
  - {x: 0.9244027, y: 1.1571342, z: 11.772734}
  - {x: 0.9244027, y: 1.9571339, z: 11.772734}
  - {x: 0.9244027, y: 2.757134, z: 11.772734}
  - {x: 0.9244027, y: 3.5571342, z: 11.772734}
  - {x: 0.9244027, y: 4.3571343, z: 11.772734}
  - {x: 1.36138, y: 0.3373314, z: 11.404538}
  - {x: 1.1928626, y: 0.32336566, z: 12.459591}
  - {x: 1.3195424, y: 0.2823102, z: 14.38757}
  - {x: 1.3569242, y: 1.1571342, z: 11.400706}
  - {x: 1.1943651, y: 1.1571342, z: 12.460882}
  - {x: 1.3569242, y: 1.9571339, z: 11.400706}
  - {x: 1.1943651, y: 1.9571338, z: 12.460882}
  - {x: 1.3569242, y: 2.757134, z: 11.400706}
  - {x: 1.1943651, y: 2.757134, z: 12.460882}
  - {x: 1.3569242, y: 3.5571342, z: 11.400706}
  - {x: 1.1943651, y: 3.5571342, z: 12.460882}
  - {x: 1.3569242, y: 4.3571343, z: 11.400706}
  - {x: 1.1943651, y: 4.357135, z: 12.460882}
  - {x: 1.7922306, y: 0.33040825, z: 11.031074}
  - {x: 1.6247746, y: 0.32699567, z: 12.087039}
  - {x: 1.7894459, y: 1.1571342, z: 11.02868}
  - {x: 1.6268867, y: 1.1571342, z: 12.088855}
  - {x: 1.7894459, y: 1.9571339, z: 11.02868}
  - {x: 1.6268867, y: 1.9571338, z: 12.088855}
  - {x: 1.7894459, y: 2.757134, z: 11.02868}
  - {x: 1.6268867, y: 2.757134, z: 12.088855}
  - {x: 1.7894459, y: 3.5571342, z: 11.02868}
  - {x: 1.6268867, y: 3.5571342, z: 12.088855}
  - {x: 1.7894459, y: 4.3571343, z: 11.02868}
  - {x: 1.6268867, y: 4.357135, z: 12.088855}
  - {x: 2.223863, y: 0.3257761, z: 10.658282}
  - {x: 2.056234, y: 0.33218446, z: 11.714101}
  - {x: 2.1195421, y: 0.2823102, z: 14.38757}
  - {x: 2.2219677, y: 1.1571342, z: 10.656652}
  - {x: 2.0594075, y: 1.1571342, z: 11.716828}
  - {x: 2.2219677, y: 1.9571338, z: 10.656652}
  - {x: 2.0594075, y: 1.9571339, z: 11.716828}
  - {x: 2.2219677, y: 2.757134, z: 10.656652}
  - {x: 2.0594075, y: 2.757134, z: 11.716828}
  - {x: 2.2219677, y: 3.5571342, z: 10.656652}
  - {x: 2.0594075, y: 3.5571342, z: 11.716828}
  - {x: 2.2219677, y: 4.357135, z: 10.656652}
  - {x: 2.0594075, y: 4.3571343, z: 11.716828}
  - {x: 2.6558592, y: 0.32248113, z: 10.285803}
  - {x: 2.4866815, y: 0.34011173, z: 11.340289}
  - {x: 2.654489, y: 1.1571342, z: 10.284625}
  - {x: 2.4919286, y: 1.1571342, z: 11.344802}
  - {x: 2.654489, y: 1.9571338, z: 10.284625}
  - {x: 2.4919286, y: 1.9571339, z: 11.344802}
  - {x: 2.654489, y: 2.757134, z: 10.284625}
  - {x: 2.4919286, y: 2.757134, z: 11.344802}
  - {x: 2.654489, y: 3.5571342, z: 10.284625}
  - {x: 2.4919286, y: 3.5571342, z: 11.344802}
  - {x: 2.654489, y: 4.357135, z: 10.284625}
  - {x: 2.4919286, y: 4.3571343, z: 11.344802}
  - {x: 3.0880451, y: 0.32002512, z: 9.913488}
  - {x: 2.9195428, y: 0.2823102, z: 14.38757}
  - {x: 3.0870097, y: 1.1571342, z: 9.912599}
  - {x: 3.0870097, y: 1.9571338, z: 9.912599}
  - {x: 3.0870097, y: 2.757134, z: 9.912599}
  - {x: 3.0870097, y: 3.5571342, z: 9.912599}
  - {x: 3.0870097, y: 4.357135, z: 9.912599}
  - {x: 3.3195424, y: 0.2720111, z: 9.745461}
  - {x: 3.3195424, y: 0.27238947, z: 10.59998}
  - {x: 3.5558956, y: 0.32035404, z: 10.4277935}
  - {x: 3.7195423, y: 0.2823102, z: 14.38757}
  - {x: 3.5569723, y: 1.1571342, z: 10.4287195}
  - {x: 3.5569723, y: 1.9571338, z: 10.4287195}
  - {x: 3.5569723, y: 2.757134, z: 10.4287195}
  - {x: 3.5569723, y: 3.5571342, z: 10.4287195}
  - {x: 3.5569723, y: 4.357135, z: 10.4287195}
  - {x: 4.3391476, y: 0.28225437, z: 5.368552}
  - {x: 4.3391476, y: 0.28225437, z: 6.168552}
  - {x: 4.3391476, y: 0.28225437, z: 6.968552}
  - {x: 4.3391476, y: 0.28225437, z: 7.7685523}
  - {x: 4.3391476, y: 0.28225437, z: 8.568553}
  - {x: 4.3391476, y: 0.2822543, z: 9.368553}
  - {x: 4.089366, y: 0.32395706, z: 10.168552}
  - {x: 4.3391476, y: 0.2822543, z: 10.968553}
  - {x: 4.3391476, y: 0.2822543, z: 11.768553}
  - {x: 4.3391485, y: 0.28225428, z: 12.568552}
  - {x: 4.3391485, y: 0.28225428, z: 13.368553}
  - {x: 4.364995, y: 0.27344173, z: 14.413527}
  - {x: 3.844028, y: 0.75712925, z: 9.768553}
  - {x: 3.8078177, y: 0.7571304, z: 10.168552}
  - {x: 4.363021, y: 0.75713354, z: 14.411558}
  - {x: 3.844028, y: 1.5571319, z: 9.768553}
  - {x: 3.8078177, y: 1.5571327, z: 10.168552}
  - {x: 4.363021, y: 1.5571338, z: 14.411558}
  - {x: 3.844028, y: 2.3571315, z: 9.768553}
  - {x: 3.8078177, y: 2.3571322, z: 10.168552}
  - {x: 4.363021, y: 2.3571336, z: 14.411558}
  - {x: 3.844028, y: 3.1571336, z: 9.768553}
  - {x: 3.8078177, y: 3.1571338, z: 10.168552}
  - {x: 4.363021, y: 3.157134, z: 14.411558}
  - {x: 3.844028, y: 3.9571383, z: 9.768553}
  - {x: 3.8078177, y: 3.9571373, z: 10.168552}
  - {x: 4.363021, y: 3.9571342, z: 14.411558}
  - {x: 3.844028, y: 4.7571445, z: 9.768553}
  - {x: 3.8078177, y: 4.7571416, z: 10.168552}
  - {x: 4.363021, y: 4.7571354, z: 14.411558}
  - {x: -5.480458, y: 0.3571341, z: 4.9685526}
  - {x: -5.480458, y: 1.1571342, z: 12.168552}
  - {x: -5.480458, y: 1.1571342, z: 14.168552}
  - {x: -5.480458, y: 1.5571342, z: 13.768553}
  - {x: -5.480458, y: 1.9571341, z: 13.368553}
  - {x: -5.480458, y: 3.5571342, z: 12.168552}
  - {x: -5.0804577, y: 0.75713414, z: 10.568552}
  - {x: -5.0804577, y: 3.5571342, z: 11.768553}
  - {x: -4.6804576, y: 1.1571342, z: 10.168552}
  - {x: -4.6804576, y: 1.9571341, z: 7.3685527}
  - {x: -4.2804575, y: 1.5571342, z: 9.368553}
  - {x: -4.2804575, y: 1.5571342, z: 9.768553}
  - {x: -4.2804575, y: 2.357134, z: 8.168552}
  - {x: -4.2804575, y: 4.3571343, z: 6.5685525}
  - {x: -3.8804579, y: 2.757134, z: 9.368553}
  - {x: -3.8804579, y: 3.157134, z: 4.9685526}
  - {x: -3.8804579, y: 4.7571344, z: 12.968553}
  - {x: -3.4804578, y: 1.1571342, z: 9.368553}
  - {x: -3.4804578, y: 3.5571342, z: 12.568552}
  - {x: -3.4804578, y: 4.3571343, z: 9.768553}
  - {x: -3.0804577, y: 1.1571342, z: 4.9685526}
  - {x: -3.0804577, y: 2.757134, z: 6.9685526}
  - {x: -3.0804577, y: 3.157134, z: 9.368553}
  - {x: -3.0804577, y: 3.5571342, z: 7.3685527}
  - {x: -3.0804577, y: 3.957134, z: 12.568552}
  - {x: -2.6804578, y: 3.957134, z: 10.968553}
  - {x: -2.2804577, y: 4.3571343, z: 4.9685526}
  - {x: -2.2804577, y: 4.3571343, z: 10.568552}
  - {x: -1.8804576, y: 1.1571342, z: 8.568553}
  - {x: -1.8804576, y: 1.1571342, z: 11.368553}
  - {x: -1.8804576, y: 1.1571342, z: 12.568552}
  - {x: -1.8804576, y: 3.5571342, z: 11.368553}
  - {x: -1.4804578, y: 1.9571341, z: 6.1685524}
  - {x: -1.0804577, y: 1.1571342, z: 12.968553}
  - {x: -1.0804577, y: 3.157134, z: 5.768553}
  - {x: -1.0804577, y: 3.957134, z: 4.9685526}
  - {x: -1.0804577, y: 3.957134, z: 11.768553}
  - {x: -1.0804577, y: 4.7571344, z: 7.768553}
  - {x: -0.6804576, y: 0.75713414, z: 5.3685527}
  - {x: -0.2804575, y: 3.157134, z: 10.168552}
  - {x: 0.11954212, y: 1.9571341, z: 6.5685525}
  - {x: 0.11954212, y: 3.157134, z: 4.9685526}
  - {x: 0.11954212, y: 3.957134, z: 13.768553}
  - {x: 0.5195422, y: 0.75713414, z: 8.968553}
  - {x: 0.5195422, y: 1.1571342, z: 6.9685526}
  - {x: 0.5195422, y: 2.757134, z: 8.168552}
  - {x: 0.5195422, y: 2.757134, z: 13.368553}
  - {x: 0.5195422, y: 3.5571342, z: 9.768553}
  - {x: 0.9195423, y: 1.1571342, z: 8.568553}
  - {x: 0.9195423, y: 3.5571342, z: 10.968553}
  - {x: 1.3195424, y: 0.75713414, z: 6.1685524}
  - {x: 1.3195424, y: 2.757134, z: 13.768553}
  - {x: 1.3195424, y: 3.957134, z: 10.168552}
  - {x: 1.3195424, y: 4.7571344, z: 6.9685526}
  - {x: 1.3195424, y: 4.7571344, z: 8.168552}
  - {x: 1.7195425, y: 0.75713414, z: 4.9685526}
  - {x: 1.7195425, y: 0.75713414, z: 8.168552}
  - {x: 1.7195425, y: 1.5571342, z: 7.3685527}
  - {x: 1.7195425, y: 2.757134, z: 5.768553}
  - {x: 1.7195425, y: 3.957134, z: 10.568552}
  - {x: 1.7195425, y: 4.7571344, z: 6.1685524}
  - {x: 2.1195421, y: 1.1571342, z: 7.768553}
  - {x: 2.5195422, y: 1.9571341, z: 5.3685527}
  - {x: 2.5195422, y: 3.5571342, z: 8.568553}
  - {x: 3.3195424, y: 1.1571342, z: 7.768553}
  - {x: 3.719542, y: 1.5571342, z: 6.5685525}
  - {x: 3.719542, y: 3.157134, z: 13.768553}
  - {x: 4.1195426, y: 3.957134, z: 4.9685526}
  m_Dering: 1
--- !u!1 &256232672
GameObject:
  m_ObjectHideFlags: 0
  m_CorrespondingSourceObject: {fileID: 0}
  m_PrefabInstance: {fileID: 0}
  m_PrefabAsset: {fileID: 0}
  serializedVersion: 6
  m_Component:
  - component: {fileID: 256232673}
  - component: {fileID: 256232674}
  m_Layer: 0
  m_Name: Magic Lightmap Switcher
  m_TagString: Untagged
  m_Icon: {fileID: 0}
  m_NavMeshLayer: 0
  m_StaticEditorFlags: 0
  m_IsActive: 1
--- !u!4 &256232673
Transform:
  m_ObjectHideFlags: 0
  m_CorrespondingSourceObject: {fileID: 0}
  m_PrefabInstance: {fileID: 0}
  m_PrefabAsset: {fileID: 0}
  m_GameObject: {fileID: 256232672}
  m_LocalRotation: {x: -0, y: -0, z: -0, w: 1}
  m_LocalPosition: {x: 0, y: 0, z: 0}
  m_LocalScale: {x: 1, y: 1, z: 1}
  m_Children: []
  m_Father: {fileID: 1149983126}
  m_RootOrder: 0
  m_LocalEulerAnglesHint: {x: 0, y: 0, z: 0}
--- !u!114 &256232674
MonoBehaviour:
  m_ObjectHideFlags: 0
  m_CorrespondingSourceObject: {fileID: 0}
  m_PrefabInstance: {fileID: 0}
  m_PrefabAsset: {fileID: 0}
  m_GameObject: {fileID: 256232672}
  m_Enabled: 1
  m_EditorHideFlags: 0
  m_Script: {fileID: 11500000, guid: 74dc6e07eb2af8647b93d27b7e672ca4, type: 3}
  m_Name: 
  m_EditorClassIdentifier: 
  sceneLightmapDatas: []
  sceneLightmapScenarios: []
  sceneAffectedLightSources: []
  sceneReflectionProbes: []
  bakedGroup: []
  availableScenarios: []
  currentLightmapScenario: {fileID: 0}
  workflow: 0
  lastWorkflow: 0
  currentBlandingState: 3
  storedAssetsCount: 84
  resetAffectedObjects: 0
  systemProperties: {fileID: 11400000, guid: fa5f20411dc71f34d8c697d34c7e6035, type: 2}
  lastSelectedScene: 0
  sceneToUnload: 
  lastLoadedscene: 
  storedDataUpdated: 1
  lightingDataSwitching: 0
  stopProbesBlending: 0
  lightingPresets:
  - name: New Preset_0
    included: 1
    lightSettings:
    - light: {fileID: 1792079063}
      mlsLight: {fileID: 1792079064}
      lightType: 2
      position: {x: -4.87, y: 2.91, z: -6.14}
      rotation: {x: -0, y: -0, z: -0}
      color: {r: 0, g: 0.3359518, b: 1, a: 1}
      colorTemperature: 6570
      intensity: 1
      indirectMultiplier: 0
      range: 10
      radius: 0
      spotOuterAngle: 1
      spotInnerAngle: 0
      bakedShadowsRadius: 0
      areaWidth: 1
      areaHeight: 1
      globalFoldoutEnabled: 1
      transformFoldoutEnabled: 0
      settingsFoldoutEnabled: 1
      justAdded: 1
      bakeryDirectLightsSettings:
        parentGameObject: {fileID: 0}
        bakeryDirect: {fileID: 0}
        UID: 0
        color: {r: 0, g: 0, b: 0, a: 0}
        intensity: 0
        shadowSpread: 0
        samples: 0
        bitmask: 0
        bakeToIndirect: 0
        shadowmask: 0
        shadowmaskDenoise: 0
        indirectIntensity: 0
        cloudShadow: {fileID: 0}
        cloudShadowTilingX: 0
        cloudShadowTilingY: 0
        cloudShadowOffsetX: 0
        cloudShadowOffsetY: 0
        bakeryDirectFoldoutEnabled: 0
      bakeryPointLightsSettings:
        parentGameObject: {fileID: 0}
        bakeryPoint: {fileID: 0}
        UID: 0
        color: {r: 0, g: 0, b: 0, a: 0}
        intensity: 0
        shadowSpread: 0
        cutoff: 0
        realisticFalloff: 0
        samples: 0
        projMode: 0
        cookie: {fileID: 0}
        angle: 0
        innerAngle: 0
        cubemap: {fileID: 0}
        iesFile: {fileID: 0}
        bitmask: 0
        bakeToIndirect: 0
        shadowmask: 0
        indirectIntensity: 0
        falloffMinRadius: 0
        screenRadius: 0
        bakeryPointFoldoutEnabled: 0
      bakeryLightMeshesSettings:
        parentGameObject: {fileID: 0}
        bakeryLightMesh: {fileID: 0}
        UID: 0
        All: []
        color: {r: 0, g: 0, b: 0, a: 0}
        intensity: 0
        texture: {fileID: 0}
        cutoff: 0
        samples: 0
        samples2: 0
        bitmask: 0
        selfShadow: 0
        bakeToIndirect: 0
        indirectIntensity: 0
        lmid: 0
        bakeryLightMeshFoldoutEnabled: 0
    customBlendablesSettings: []
    gameObjectsSettings: []
    skyboxSettings:
      skyboxTexture: {fileID: 1599551349}
      exposure: 0
      tintColor: {r: 0, g: 0, b: 0, a: 0}
      globalFoldoutEnabled: 0
      bakerySkyLightsSettings:
        parentGameObject: {fileID: 0}
        bakerySky: {fileID: 0}
        UID: 0
        texName: 
        color: {r: 0, g: 0, b: 0, a: 0}
        intensity: 0
        samples: 0
        hemispherical: 0
        bitmask: 0
        bakeToIndirect: 0
        indirectIntensity: 0
        tangentSH: 0
        cubemap: {fileID: 0}
        correctRotation: 0
        cubemapAngles: {x: 0, y: 0, z: 0, w: 0}
        bakerySkylightFoldoutEnabled: 0
    fogSettings:
      enabled: 0
      fogColor: {r: 0.5, g: 0.5, b: 0.5, a: 1}
      fogDensity: 0.01
      globalFoldoutEnabled: 0
    lightmapParameters: {fileID: 0}
    foldoutEnabled: 1
    bakeryLightMeshesSettings: []
  - name: New Preset_1
    included: 1
    lightSettings:
    - light: {fileID: 1792079063}
      mlsLight: {fileID: 1792079064}
      lightType: 2
      position: {x: -4.87, y: 2.91, z: -6.14}
      rotation: {x: -0, y: -0, z: -0}
      color: {r: 0, g: 0.3359518, b: 1, a: 1}
      colorTemperature: 6570
      intensity: 0
      indirectMultiplier: 0
      range: 10
      radius: 0
      spotOuterAngle: 1
      spotInnerAngle: 0
      bakedShadowsRadius: 0
      areaWidth: 1
      areaHeight: 1
      globalFoldoutEnabled: 1
      transformFoldoutEnabled: 0
      settingsFoldoutEnabled: 1
      justAdded: 1
      bakeryDirectLightsSettings:
        parentGameObject: {fileID: 0}
        bakeryDirect: {fileID: 0}
        UID: 0
        color: {r: 0, g: 0, b: 0, a: 0}
        intensity: 0
        shadowSpread: 0
        samples: 0
        bitmask: 0
        bakeToIndirect: 0
        shadowmask: 0
        shadowmaskDenoise: 0
        indirectIntensity: 0
        cloudShadow: {fileID: 0}
        cloudShadowTilingX: 0
        cloudShadowTilingY: 0
        cloudShadowOffsetX: 0
        cloudShadowOffsetY: 0
        bakeryDirectFoldoutEnabled: 0
      bakeryPointLightsSettings:
        parentGameObject: {fileID: 0}
        bakeryPoint: {fileID: 0}
        UID: 0
        color: {r: 0, g: 0, b: 0, a: 0}
        intensity: 0
        shadowSpread: 0
        cutoff: 0
        realisticFalloff: 0
        samples: 0
        projMode: 0
        cookie: {fileID: 0}
        angle: 0
        innerAngle: 0
        cubemap: {fileID: 0}
        iesFile: {fileID: 0}
        bitmask: 0
        bakeToIndirect: 0
        shadowmask: 0
        indirectIntensity: 0
        falloffMinRadius: 0
        screenRadius: 0
        bakeryPointFoldoutEnabled: 0
      bakeryLightMeshesSettings:
        parentGameObject: {fileID: 0}
        bakeryLightMesh: {fileID: 0}
        UID: 0
        All: []
        color: {r: 0, g: 0, b: 0, a: 0}
        intensity: 0
        texture: {fileID: 0}
        cutoff: 0
        samples: 0
        samples2: 0
        bitmask: 0
        selfShadow: 0
        bakeToIndirect: 0
        indirectIntensity: 0
        lmid: 0
        bakeryLightMeshFoldoutEnabled: 0
    customBlendablesSettings: []
    gameObjectsSettings: []
    skyboxSettings:
      skyboxTexture: {fileID: 1599551349}
      exposure: 0
      tintColor: {r: 0, g: 0, b: 0, a: 0}
      globalFoldoutEnabled: 0
      bakerySkyLightsSettings:
        parentGameObject: {fileID: 0}
        bakerySky: {fileID: 0}
        UID: 0
        texName: 
        color: {r: 0, g: 0, b: 0, a: 0}
        intensity: 0
        samples: 0
        hemispherical: 0
        bitmask: 0
        bakeToIndirect: 0
        indirectIntensity: 0
        tangentSH: 0
        cubemap: {fileID: 0}
        correctRotation: 0
        cubemapAngles: {x: 0, y: 0, z: 0, w: 0}
        bakerySkylightFoldoutEnabled: 0
    fogSettings:
      enabled: 0
      fogColor: {r: 0.5, g: 0.5, b: 0.5, a: 1}
      fogDensity: 0.01
      globalFoldoutEnabled: 0
    lightmapParameters: {fileID: 0}
    foldoutEnabled: 0
    bakeryLightMeshesSettings: []
  presetNames:
  - 1
  - 2
  lightmapper: 0
  storingMode: 1
  deferredRenderingWarning: 0
--- !u!1 &268119943
GameObject:
  m_ObjectHideFlags: 0
  m_CorrespondingSourceObject: {fileID: 0}
  m_PrefabInstance: {fileID: 0}
  m_PrefabAsset: {fileID: 0}
  serializedVersion: 6
  m_Component:
  - component: {fileID: 268119944}
  - component: {fileID: 1623889552}
  - component: {fileID: 1623889551}
  - component: {fileID: 1623889550}
  - component: {fileID: 268119945}
  m_Layer: 0
  m_Name: Cube (3)
  m_TagString: Untagged
  m_Icon: {fileID: 0}
  m_NavMeshLayer: 0
  m_StaticEditorFlags: 4294967295
  m_IsActive: 1
--- !u!4 &268119944
Transform:
  m_ObjectHideFlags: 0
  m_CorrespondingSourceObject: {fileID: 0}
  m_PrefabInstance: {fileID: 0}
  m_PrefabAsset: {fileID: 0}
  m_GameObject: {fileID: 268119943}
  m_LocalRotation: {x: -0, y: -0, z: -0, w: 1}
  m_LocalPosition: {x: -1.8451, y: 4.0674, z: -7.8881}
  m_LocalScale: {x: 9.889411, y: 5, z: 0.5}
  m_Children: []
  m_Father: {fileID: 1732268591}
  m_RootOrder: 1
  m_LocalEulerAnglesHint: {x: 0, y: 0, z: 0}
--- !u!114 &268119945
MonoBehaviour:
  m_ObjectHideFlags: 0
  m_CorrespondingSourceObject: {fileID: 0}
  m_PrefabInstance: {fileID: 0}
  m_PrefabAsset: {fileID: 0}
  m_GameObject: {fileID: 268119943}
  m_Enabled: 1
  m_EditorHideFlags: 0
  m_Script: {fileID: 11500000, guid: 54a5e6f88221bd244b7ac03313e22d1e, type: 3}
  m_Name: 
  m_EditorClassIdentifier: 
  scriptId: a25978e3-25b5-4b4d-9899-2586cb5e855d
  parentScene: Scene D
  defaultMesh: {fileID: 0}
  defaultTransform: {fileID: 0}
--- !u!1 &356482319
GameObject:
  m_ObjectHideFlags: 0
  m_CorrespondingSourceObject: {fileID: 0}
  m_PrefabInstance: {fileID: 0}
  m_PrefabAsset: {fileID: 0}
  serializedVersion: 6
  m_Component:
  - component: {fileID: 356482320}
  - component: {fileID: 356482324}
  - component: {fileID: 356482323}
  - component: {fileID: 356482322}
  - component: {fileID: 356482321}
  m_Layer: 0
  m_Name: Cube (3)
  m_TagString: Untagged
  m_Icon: {fileID: 0}
  m_NavMeshLayer: 0
  m_StaticEditorFlags: 4294967295
  m_IsActive: 1
--- !u!4 &356482320
Transform:
  m_ObjectHideFlags: 0
  m_CorrespondingSourceObject: {fileID: 0}
  m_PrefabInstance: {fileID: 0}
  m_PrefabAsset: {fileID: 0}
  m_GameObject: {fileID: 356482319}
  m_LocalRotation: {x: -0, y: -0, z: -0, w: 1}
  m_LocalPosition: {x: -1.569, y: 1.3173814, z: -3.1459284}
  m_LocalScale: {x: 10.441622, y: 0.5, z: 10}
  m_Children: []
  m_Father: {fileID: 1732268591}
  m_RootOrder: 0
  m_LocalEulerAnglesHint: {x: 0, y: 0, z: 0}
--- !u!114 &356482321
MonoBehaviour:
  m_ObjectHideFlags: 0
  m_CorrespondingSourceObject: {fileID: 0}
  m_PrefabInstance: {fileID: 0}
  m_PrefabAsset: {fileID: 0}
  m_GameObject: {fileID: 356482319}
  m_Enabled: 1
  m_EditorHideFlags: 0
  m_Script: {fileID: 11500000, guid: 54a5e6f88221bd244b7ac03313e22d1e, type: 3}
  m_Name: 
  m_EditorClassIdentifier: 
  scriptId: 6628aee1-686c-41fb-8028-ed1a31a368cf
  parentScene: Scene D
  defaultMesh: {fileID: 0}
  defaultTransform: {fileID: 0}
--- !u!65 &356482322
BoxCollider:
  m_ObjectHideFlags: 0
  m_CorrespondingSourceObject: {fileID: 0}
  m_PrefabInstance: {fileID: 0}
  m_PrefabAsset: {fileID: 0}
  m_GameObject: {fileID: 356482319}
  m_Material: {fileID: 0}
  m_IsTrigger: 0
  m_Enabled: 1
  serializedVersion: 2
  m_Size: {x: 1, y: 1, z: 1}
  m_Center: {x: 0, y: 0, z: 0}
--- !u!23 &356482323
MeshRenderer:
  m_ObjectHideFlags: 0
  m_CorrespondingSourceObject: {fileID: 0}
  m_PrefabInstance: {fileID: 0}
  m_PrefabAsset: {fileID: 0}
  m_GameObject: {fileID: 356482319}
  m_Enabled: 1
  m_CastShadows: 1
  m_ReceiveShadows: 1
  m_DynamicOccludee: 1
  m_MotionVectors: 1
  m_LightProbeUsage: 1
  m_ReflectionProbeUsage: 1
  m_RayTracingMode: 2
  m_RenderingLayerMask: 1
  m_RendererPriority: 0
  m_Materials:
  - {fileID: 2100000, guid: e63ff64b977a0f047a6d6b4dd7203b62, type: 2}
  m_StaticBatchInfo:
    firstSubMesh: 0
    subMeshCount: 0
  m_StaticBatchRoot: {fileID: 0}
  m_ProbeAnchor: {fileID: 0}
  m_LightProbeVolumeOverride: {fileID: 0}
  m_ScaleInLightmap: 1
  m_ReceiveGI: 1
  m_PreserveUVs: 0
  m_IgnoreNormalsForChartDetection: 0
  m_ImportantGI: 0
  m_StitchLightmapSeams: 1
  m_SelectedEditorRenderState: 3
  m_MinimumChartSize: 4
  m_AutoUVMaxDistance: 0.5
  m_AutoUVMaxAngle: 89
  m_LightmapParameters: {fileID: 0}
  m_SortingLayerID: 0
  m_SortingLayer: 0
  m_SortingOrder: 0
--- !u!33 &356482324
MeshFilter:
  m_ObjectHideFlags: 0
  m_CorrespondingSourceObject: {fileID: 0}
  m_PrefabInstance: {fileID: 0}
  m_PrefabAsset: {fileID: 0}
  m_GameObject: {fileID: 356482319}
  m_Mesh: {fileID: 10202, guid: 0000000000000000e000000000000000, type: 0}
--- !u!1 &397410347
GameObject:
  m_ObjectHideFlags: 0
  m_CorrespondingSourceObject: {fileID: 0}
  m_PrefabInstance: {fileID: 0}
  m_PrefabAsset: {fileID: 0}
  serializedVersion: 6
  m_Component:
  - component: {fileID: 397410348}
  - component: {fileID: 397410350}
  - component: {fileID: 397410349}
  m_Layer: 0
  m_Name: Scene C Unload
  m_TagString: Untagged
  m_Icon: {fileID: 0}
  m_NavMeshLayer: 0
  m_StaticEditorFlags: 0
  m_IsActive: 1
--- !u!4 &397410348
Transform:
  m_ObjectHideFlags: 0
  m_CorrespondingSourceObject: {fileID: 0}
  m_PrefabInstance: {fileID: 0}
  m_PrefabAsset: {fileID: 0}
  m_GameObject: {fileID: 397410347}
  m_LocalRotation: {x: -0, y: -1, z: -0, w: 0}
  m_LocalPosition: {x: -10.43, y: -2.367874, z: 2.7181716}
  m_LocalScale: {x: 1, y: 1, z: 1}
  m_Children: []
  m_Father: {fileID: 1035450133}
  m_RootOrder: 4
  m_LocalEulerAnglesHint: {x: 0, y: 0, z: 0}
--- !u!65 &397410349
BoxCollider:
  m_ObjectHideFlags: 0
  m_CorrespondingSourceObject: {fileID: 0}
  m_PrefabInstance: {fileID: 0}
  m_PrefabAsset: {fileID: 0}
  m_GameObject: {fileID: 397410347}
  m_Material: {fileID: 0}
  m_IsTrigger: 1
  m_Enabled: 1
  serializedVersion: 2
  m_Size: {x: 8.963226, y: 4.952548, z: 1.8796358}
  m_Center: {x: -8.427183, y: 1.976274, z: 4.5864472}
--- !u!114 &397410350
MonoBehaviour:
  m_ObjectHideFlags: 0
  m_CorrespondingSourceObject: {fileID: 0}
  m_PrefabInstance: {fileID: 0}
  m_PrefabAsset: {fileID: 0}
  m_GameObject: {fileID: 397410347}
  m_Enabled: 1
  m_EditorHideFlags: 0
  m_Script: {fileID: 11500000, guid: b899901d97069394a8c9691f0ca155ef, type: 3}
  m_Name: 
  m_EditorClassIdentifier: 
  sceneName: Scene C
--- !u!1 &612651456
GameObject:
  m_ObjectHideFlags: 0
  m_CorrespondingSourceObject: {fileID: 0}
  m_PrefabInstance: {fileID: 0}
  m_PrefabAsset: {fileID: 0}
  serializedVersion: 6
  m_Component:
  - component: {fileID: 612651457}
  - component: {fileID: 612651458}
  m_Layer: 0
  m_Name: Runtime Blending
  m_TagString: Untagged
  m_Icon: {fileID: 0}
  m_NavMeshLayer: 0
  m_StaticEditorFlags: 0
  m_IsActive: 1
--- !u!4 &612651457
Transform:
  m_ObjectHideFlags: 0
  m_CorrespondingSourceObject: {fileID: 0}
  m_PrefabInstance: {fileID: 0}
  m_PrefabAsset: {fileID: 0}
  m_GameObject: {fileID: 612651456}
  m_LocalRotation: {x: -0, y: -0, z: -0, w: 1}
  m_LocalPosition: {x: 9.472389, y: -3.1090088, z: -0.47108746}
  m_LocalScale: {x: 1, y: 1, z: 1}
  m_Children: []
  m_Father: {fileID: 1035450133}
  m_RootOrder: 0
  m_LocalEulerAnglesHint: {x: 0, y: 0, z: 0}
--- !u!114 &612651458
MonoBehaviour:
  m_ObjectHideFlags: 0
  m_CorrespondingSourceObject: {fileID: 0}
  m_PrefabInstance: {fileID: 0}
  m_PrefabAsset: {fileID: 0}
  m_GameObject: {fileID: 612651456}
  m_Enabled: 1
  m_EditorHideFlags: 0
  m_Script: {fileID: 11500000, guid: 46c5803969a2cde4482faded67b6d9f1, type: 3}
  m_Name: 
  m_EditorClassIdentifier: 
  lightingScenario: {fileID: 0}
  blendingLength: 5
--- !u!1 &814069936
GameObject:
  m_ObjectHideFlags: 0
  m_CorrespondingSourceObject: {fileID: 0}
  m_PrefabInstance: {fileID: 0}
  m_PrefabAsset: {fileID: 0}
  serializedVersion: 6
  m_Component:
  - component: {fileID: 814069937}
  - component: {fileID: 814069939}
  - component: {fileID: 814069938}
  m_Layer: 0
  m_Name: Scene A Unload
  m_TagString: Untagged
  m_Icon: {fileID: 0}
  m_NavMeshLayer: 0
  m_StaticEditorFlags: 0
  m_IsActive: 1
--- !u!4 &814069937
Transform:
  m_ObjectHideFlags: 0
  m_CorrespondingSourceObject: {fileID: 0}
  m_PrefabInstance: {fileID: 0}
  m_PrefabAsset: {fileID: 0}
  m_GameObject: {fileID: 814069936}
  m_LocalRotation: {x: -0, y: -1, z: -0, w: 0}
  m_LocalPosition: {x: -6.89, y: -2.367874, z: -4.4618287}
  m_LocalScale: {x: 1, y: 1, z: 1}
  m_Children: []
  m_Father: {fileID: 1035450133}
  m_RootOrder: 3
  m_LocalEulerAnglesHint: {x: 0, y: 0, z: 0}
--- !u!65 &814069938
BoxCollider:
  m_ObjectHideFlags: 0
  m_CorrespondingSourceObject: {fileID: 0}
  m_PrefabInstance: {fileID: 0}
  m_PrefabAsset: {fileID: 0}
  m_GameObject: {fileID: 814069936}
  m_Material: {fileID: 0}
  m_IsTrigger: 1
  m_Enabled: 1
  serializedVersion: 2
  m_Size: {x: 2.8653994, y: 4.952548, z: 9.00329}
  m_Center: {x: -8.826111, y: 1.976274, z: 1.02462}
--- !u!114 &814069939
MonoBehaviour:
  m_ObjectHideFlags: 0
  m_CorrespondingSourceObject: {fileID: 0}
  m_PrefabInstance: {fileID: 0}
  m_PrefabAsset: {fileID: 0}
  m_GameObject: {fileID: 814069936}
  m_Enabled: 1
  m_EditorHideFlags: 0
  m_Script: {fileID: 11500000, guid: b899901d97069394a8c9691f0ca155ef, type: 3}
  m_Name: 
  m_EditorClassIdentifier: 
  sceneName: Scene A
--- !u!1 &890216983
GameObject:
  m_ObjectHideFlags: 0
  m_CorrespondingSourceObject: {fileID: 0}
  m_PrefabInstance: {fileID: 0}
  m_PrefabAsset: {fileID: 0}
  serializedVersion: 6
  m_Component:
  - component: {fileID: 890216984}
  - component: {fileID: 890216988}
  - component: {fileID: 890216987}
  - component: {fileID: 890216986}
  - component: {fileID: 890216985}
  m_Layer: 0
  m_Name: Cube (12)
  m_TagString: Untagged
  m_Icon: {fileID: 0}
  m_NavMeshLayer: 0
  m_StaticEditorFlags: 4294967295
  m_IsActive: 1
--- !u!4 &890216984
Transform:
  m_ObjectHideFlags: 0
  m_CorrespondingSourceObject: {fileID: 0}
  m_PrefabInstance: {fileID: 0}
  m_PrefabAsset: {fileID: 0}
  m_GameObject: {fileID: 890216983}
  m_LocalRotation: {x: 0, y: 0.347754, z: 0, w: 0.93758583}
  m_LocalPosition: {x: -3.93, y: 4.0673814, z: -4.4}
  m_LocalScale: {x: 4.4566154, y: 5, z: 0.5}
  m_Children: []
  m_Father: {fileID: 1732268591}
  m_RootOrder: 3
  m_LocalEulerAnglesHint: {x: 0, y: 40.7, z: 0}
--- !u!114 &890216985
MonoBehaviour:
  m_ObjectHideFlags: 0
  m_CorrespondingSourceObject: {fileID: 0}
  m_PrefabInstance: {fileID: 0}
  m_PrefabAsset: {fileID: 0}
  m_GameObject: {fileID: 890216983}
  m_Enabled: 1
  m_EditorHideFlags: 0
  m_Script: {fileID: 11500000, guid: 54a5e6f88221bd244b7ac03313e22d1e, type: 3}
  m_Name: 
  m_EditorClassIdentifier: 
  scriptId: 74b17353-ebcf-4558-9b55-d1d9fc9f98ae
  parentScene: Scene D
  defaultMesh: {fileID: 0}
  defaultTransform: {fileID: 0}
--- !u!65 &890216986
BoxCollider:
  m_ObjectHideFlags: 0
  m_CorrespondingSourceObject: {fileID: 0}
  m_PrefabInstance: {fileID: 0}
  m_PrefabAsset: {fileID: 0}
  m_GameObject: {fileID: 890216983}
  m_Material: {fileID: 0}
  m_IsTrigger: 0
  m_Enabled: 1
  serializedVersion: 2
  m_Size: {x: 1, y: 1, z: 1}
  m_Center: {x: 0, y: 0, z: 0}
--- !u!23 &890216987
MeshRenderer:
  m_ObjectHideFlags: 0
  m_CorrespondingSourceObject: {fileID: 0}
  m_PrefabInstance: {fileID: 0}
  m_PrefabAsset: {fileID: 0}
  m_GameObject: {fileID: 890216983}
  m_Enabled: 1
  m_CastShadows: 1
  m_ReceiveShadows: 1
  m_DynamicOccludee: 1
  m_MotionVectors: 1
  m_LightProbeUsage: 1
  m_ReflectionProbeUsage: 1
  m_RayTracingMode: 2
  m_RenderingLayerMask: 1
  m_RendererPriority: 0
  m_Materials:
  - {fileID: 2100000, guid: e63ff64b977a0f047a6d6b4dd7203b62, type: 2}
  m_StaticBatchInfo:
    firstSubMesh: 0
    subMeshCount: 0
  m_StaticBatchRoot: {fileID: 0}
  m_ProbeAnchor: {fileID: 0}
  m_LightProbeVolumeOverride: {fileID: 0}
  m_ScaleInLightmap: 1
  m_ReceiveGI: 1
  m_PreserveUVs: 0
  m_IgnoreNormalsForChartDetection: 0
  m_ImportantGI: 0
  m_StitchLightmapSeams: 1
  m_SelectedEditorRenderState: 3
  m_MinimumChartSize: 4
  m_AutoUVMaxDistance: 0.5
  m_AutoUVMaxAngle: 89
  m_LightmapParameters: {fileID: 0}
  m_SortingLayerID: 0
  m_SortingLayer: 0
  m_SortingOrder: 0
--- !u!33 &890216988
MeshFilter:
  m_ObjectHideFlags: 0
  m_CorrespondingSourceObject: {fileID: 0}
  m_PrefabInstance: {fileID: 0}
  m_PrefabAsset: {fileID: 0}
  m_GameObject: {fileID: 890216983}
  m_Mesh: {fileID: 10202, guid: 0000000000000000e000000000000000, type: 0}
--- !u!1 &1035450132
GameObject:
  m_ObjectHideFlags: 0
  m_CorrespondingSourceObject: {fileID: 0}
  m_PrefabInstance: {fileID: 0}
  m_PrefabAsset: {fileID: 0}
  serializedVersion: 6
  m_Component:
  - component: {fileID: 1035450133}
  m_Layer: 0
  m_Name: Game Logic
  m_TagString: Untagged
  m_Icon: {fileID: 0}
  m_NavMeshLayer: 0
  m_StaticEditorFlags: 0
  m_IsActive: 1
--- !u!4 &1035450133
Transform:
  m_ObjectHideFlags: 0
  m_CorrespondingSourceObject: {fileID: 0}
  m_PrefabInstance: {fileID: 0}
  m_PrefabAsset: {fileID: 0}
  m_GameObject: {fileID: 1035450132}
  m_LocalRotation: {x: 0, y: 1, z: 0, w: 0}
  m_LocalPosition: {x: -2.1500568, y: 3.1089902, z: 4.1692586}
  m_LocalScale: {x: 1, y: 1, z: 1}
  m_Children:
  - {fileID: 612651457}
  - {fileID: 1042253859}
  - {fileID: 1259287755}
  - {fileID: 814069937}
  - {fileID: 397410348}
  m_Father: {fileID: 0}
  m_RootOrder: 3
  m_LocalEulerAnglesHint: {x: 0, y: 180, z: 0}
--- !u!1 &1042253858
GameObject:
  m_ObjectHideFlags: 0
  m_CorrespondingSourceObject: {fileID: 0}
  m_PrefabInstance: {fileID: 0}
  m_PrefabAsset: {fileID: 0}
  serializedVersion: 6
  m_Component:
  - component: {fileID: 1042253859}
  - component: {fileID: 1042253861}
  - component: {fileID: 1042253860}
  m_Layer: 0
  m_Name: Scene A Load
  m_TagString: Untagged
  m_Icon: {fileID: 0}
  m_NavMeshLayer: 0
  m_StaticEditorFlags: 0
  m_IsActive: 1
--- !u!4 &1042253859
Transform:
  m_ObjectHideFlags: 0
  m_CorrespondingSourceObject: {fileID: 0}
  m_PrefabInstance: {fileID: 0}
  m_PrefabAsset: {fileID: 0}
  m_GameObject: {fileID: 1042253858}
  m_LocalRotation: {x: -0, y: -1, z: -0, w: 0}
  m_LocalPosition: {x: -8.21, y: -2.367874, z: 0.5881715}
  m_LocalScale: {x: 1, y: 1, z: 1}
  m_Children: []
  m_Father: {fileID: 1035450133}
  m_RootOrder: 1
  m_LocalEulerAnglesHint: {x: 0, y: 0, z: 0}
--- !u!65 &1042253860
BoxCollider:
  m_ObjectHideFlags: 0
  m_CorrespondingSourceObject: {fileID: 0}
  m_PrefabInstance: {fileID: 0}
  m_PrefabAsset: {fileID: 0}
  m_GameObject: {fileID: 1042253858}
  m_Material: {fileID: 0}
  m_IsTrigger: 1
  m_Enabled: 1
  serializedVersion: 2
  m_Size: {x: 8.963236, y: 4.952548, z: 1.7941475}
  m_Center: {x: -6.1191225, y: 1.976274, z: 2.3781176}
--- !u!114 &1042253861
MonoBehaviour:
  m_ObjectHideFlags: 0
  m_CorrespondingSourceObject: {fileID: 0}
  m_PrefabInstance: {fileID: 0}
  m_PrefabAsset: {fileID: 0}
  m_GameObject: {fileID: 1042253858}
  m_Enabled: 1
  m_EditorHideFlags: 0
  m_Script: {fileID: 11500000, guid: 66c2be987979a74429df770fcba0e1a3, type: 3}
  m_Name: 
  m_EditorClassIdentifier: 
  sceneName: Scene A
  loadOnStart: 0
  setActiveOnLoad: 1
--- !u!1 &1149983125
GameObject:
  m_ObjectHideFlags: 0
  m_CorrespondingSourceObject: {fileID: 0}
  m_PrefabInstance: {fileID: 0}
  m_PrefabAsset: {fileID: 0}
  serializedVersion: 6
  m_Component:
  - component: {fileID: 1149983126}
  m_Layer: 0
  m_Name: Magic Tools
  m_TagString: Untagged
  m_Icon: {fileID: 0}
  m_NavMeshLayer: 0
  m_StaticEditorFlags: 0
  m_IsActive: 1
--- !u!4 &1149983126
Transform:
  m_ObjectHideFlags: 0
  m_CorrespondingSourceObject: {fileID: 0}
  m_PrefabInstance: {fileID: 0}
  m_PrefabAsset: {fileID: 0}
  m_GameObject: {fileID: 1149983125}
  m_LocalRotation: {x: 0, y: 0, z: 0, w: 1}
  m_LocalPosition: {x: 0, y: 0, z: 0}
  m_LocalScale: {x: 1, y: 1, z: 1}
  m_Children:
  - {fileID: 256232673}
  - {fileID: 1586160054}
  m_Father: {fileID: 0}
  m_RootOrder: 4
  m_LocalEulerAnglesHint: {x: 0, y: 0, z: 0}
--- !u!1 &1259287754
GameObject:
  m_ObjectHideFlags: 0
  m_CorrespondingSourceObject: {fileID: 0}
  m_PrefabInstance: {fileID: 0}
  m_PrefabAsset: {fileID: 0}
  serializedVersion: 6
  m_Component:
  - component: {fileID: 1259287755}
  - component: {fileID: 1259287757}
  - component: {fileID: 1259287756}
  m_Layer: 0
  m_Name: Scene C Load
  m_TagString: Untagged
  m_Icon: {fileID: 0}
  m_NavMeshLayer: 0
  m_StaticEditorFlags: 0
  m_IsActive: 1
--- !u!4 &1259287755
Transform:
  m_ObjectHideFlags: 0
  m_CorrespondingSourceObject: {fileID: 0}
  m_PrefabInstance: {fileID: 0}
  m_PrefabAsset: {fileID: 0}
  m_GameObject: {fileID: 1259287754}
  m_LocalRotation: {x: -0, y: -1, z: -0, w: 0}
  m_LocalPosition: {x: -9.02, y: -2.367874, z: -6.6734223}
  m_LocalScale: {x: 1, y: 1, z: 1}
  m_Children: []
  m_Father: {fileID: 1035450133}
  m_RootOrder: 2
  m_LocalEulerAnglesHint: {x: 0, y: 0, z: 0}
--- !u!65 &1259287756
BoxCollider:
  m_ObjectHideFlags: 0
  m_CorrespondingSourceObject: {fileID: 0}
  m_PrefabInstance: {fileID: 0}
  m_PrefabAsset: {fileID: 0}
  m_GameObject: {fileID: 1259287754}
  m_Material: {fileID: 0}
  m_IsTrigger: 1
  m_Enabled: 1
  serializedVersion: 2
  m_Size: {x: 2.3809767, y: 4.952548, z: 8.889315}
  m_Center: {x: -10.777983, y: 1.976274, z: -1.169466}
--- !u!114 &1259287757
MonoBehaviour:
  m_ObjectHideFlags: 0
  m_CorrespondingSourceObject: {fileID: 0}
  m_PrefabInstance: {fileID: 0}
  m_PrefabAsset: {fileID: 0}
  m_GameObject: {fileID: 1259287754}
  m_Enabled: 1
  m_EditorHideFlags: 0
  m_Script: {fileID: 11500000, guid: 66c2be987979a74429df770fcba0e1a3, type: 3}
  m_Name: 
  m_EditorClassIdentifier: 
  sceneName: Scene C
  loadOnStart: 0
  setActiveOnLoad: 1
--- !u!1 &1377301915
GameObject:
  m_ObjectHideFlags: 0
  m_CorrespondingSourceObject: {fileID: 0}
  m_PrefabInstance: {fileID: 0}
  m_PrefabAsset: {fileID: 0}
  serializedVersion: 6
  m_Component:
  - component: {fileID: 1377301916}
  - component: {fileID: 1377301917}
  m_Layer: 0
  m_Name: MLS_Reflection Probe_1
  m_TagString: Untagged
  m_Icon: {fileID: 0}
  m_NavMeshLayer: 0
  m_StaticEditorFlags: 0
  m_IsActive: 1
--- !u!4 &1377301916
Transform:
  m_ObjectHideFlags: 0
  m_CorrespondingSourceObject: {fileID: 0}
  m_PrefabInstance: {fileID: 0}
  m_PrefabAsset: {fileID: 0}
  m_GameObject: {fileID: 1377301915}
  m_LocalRotation: {x: -0, y: -0, z: -0, w: 1}
  m_LocalPosition: {x: 6.270616, y: 1.9539387, z: 5.7199993}
  m_LocalScale: {x: 1, y: 1, z: 1}
  m_Children: []
  m_Father: {fileID: 1539035099}
  m_RootOrder: 0
  m_LocalEulerAnglesHint: {x: 0, y: 0, z: 0}
--- !u!215 &1377301917
ReflectionProbe:
  m_ObjectHideFlags: 0
  m_CorrespondingSourceObject: {fileID: 0}
  m_PrefabInstance: {fileID: 0}
  m_PrefabAsset: {fileID: 0}
  m_GameObject: {fileID: 1377301915}
  m_Enabled: 1
  serializedVersion: 2
  m_Type: 0
  m_Mode: 0
  m_RefreshMode: 2
  m_TimeSlicingMode: 0
  m_Resolution: 128
  m_UpdateFrequency: 0
  m_BoxSize: {x: 8.920601, y: 5.0058403, z: 9.542569}
  m_BoxOffset: {x: 0, y: 0, z: 0}
  m_NearClip: 0.3
  m_FarClip: 1000
  m_ShadowDistance: 100
  m_ClearFlags: 1
  m_BackGroundColor: {r: 0.19215687, g: 0.3019608, b: 0.4745098, a: 0}
  m_CullingMask:
    serializedVersion: 2
    m_Bits: 4294967295
  m_IntensityMultiplier: 1
  m_BlendDistance: 1
  m_HDR: 1
  m_BoxProjection: 0
  m_RenderDynamicObjects: 0
  m_UseOcclusionCulling: 1
  m_Importance: 1
  m_CustomBakedTexture: {fileID: 0}
--- !u!1 &1539035098
GameObject:
  m_ObjectHideFlags: 0
  m_CorrespondingSourceObject: {fileID: 0}
  m_PrefabInstance: {fileID: 0}
  m_PrefabAsset: {fileID: 0}
  serializedVersion: 6
  m_Component:
  - component: {fileID: 1539035099}
  m_Layer: 0
  m_Name: Reflections
  m_TagString: Untagged
  m_Icon: {fileID: 0}
  m_NavMeshLayer: 0
  m_StaticEditorFlags: 0
  m_IsActive: 1
--- !u!4 &1539035099
Transform:
  m_ObjectHideFlags: 0
  m_CorrespondingSourceObject: {fileID: 0}
  m_PrefabInstance: {fileID: 0}
  m_PrefabAsset: {fileID: 0}
  m_GameObject: {fileID: 1539035098}
  m_LocalRotation: {x: 0, y: 0, z: 0, w: 1}
  m_LocalPosition: {x: -6.32975, y: 0.7863045, z: 4.0743713}
  m_LocalScale: {x: 1, y: 1, z: 1}
  m_Children:
  - {fileID: 1377301916}
  m_Father: {fileID: 0}
  m_RootOrder: 1
  m_LocalEulerAnglesHint: {x: 0, y: 0, z: 0}
--- !u!1 &1586160053
GameObject:
  m_ObjectHideFlags: 0
  m_CorrespondingSourceObject: {fileID: 0}
  m_PrefabInstance: {fileID: 0}
  m_PrefabAsset: {fileID: 0}
  serializedVersion: 6
  m_Component:
  - component: {fileID: 1586160054}
  m_Layer: 0
  m_Name: Magic Light Probes
  m_TagString: Untagged
  m_Icon: {fileID: 0}
  m_NavMeshLayer: 0
  m_StaticEditorFlags: 0
  m_IsActive: 1
--- !u!4 &1586160054
Transform:
  m_ObjectHideFlags: 0
  m_CorrespondingSourceObject: {fileID: 0}
  m_PrefabInstance: {fileID: 0}
  m_PrefabAsset: {fileID: 0}
  m_GameObject: {fileID: 1586160053}
  m_LocalRotation: {x: -0, y: -0, z: -0, w: 1}
  m_LocalPosition: {x: 0, y: 0, z: 0}
  m_LocalScale: {x: 1, y: 1, z: 1}
  m_Children:
  - {fileID: 22192849}
  m_Father: {fileID: 1149983126}
  m_RootOrder: 1
  m_LocalEulerAnglesHint: {x: 0, y: 0, z: 0}
--- !u!89 &1599551349
Cubemap:
  m_ObjectHideFlags: 0
  m_CorrespondingSourceObject: {fileID: 0}
  m_PrefabInstance: {fileID: 0}
  m_PrefabAsset: {fileID: 0}
  m_Name: 
  m_ImageContentsHash:
    serializedVersion: 2
    Hash: 6c0479ae6e1becac1416eebe32ee0e7c
  m_ForcedFallbackFormat: 4
  m_DownscaleFallback: 0
  serializedVersion: 2
  m_Width: 1
  m_Height: 1
  m_CompleteImageSize: 4
  m_TextureFormat: 5
  m_MipCount: 1
  m_IsReadable: 1
  m_IgnoreMasterTextureLimit: 0
  m_IsPreProcessed: 0
  m_StreamingMipmaps: 0
  m_StreamingMipmapsPriority: 0
  m_AlphaIsTransparency: 0
  m_ImageCount: 6
  m_TextureDimension: 4
  m_TextureSettings:
    serializedVersion: 2
    m_FilterMode: 1
    m_Aniso: 1
    m_MipBias: 0
    m_WrapU: 1
    m_WrapV: 1
    m_WrapW: 1
  m_LightmapFormat: 0
  m_ColorSpace: 0
  image data: 24
  _typelessdata: ff000000ff000000ff000000ff000000ff000000ff000000
  m_StreamData:
    offset: 0
    size: 0
    path: 
  m_SourceTextures:
  - {fileID: 0}
  - {fileID: 0}
  - {fileID: 0}
  - {fileID: 0}
  - {fileID: 0}
  - {fileID: 0}
--- !u!1 &1623889547
GameObject:
  m_ObjectHideFlags: 0
  m_CorrespondingSourceObject: {fileID: 0}
  m_PrefabInstance: {fileID: 0}
  m_PrefabAsset: {fileID: 0}
  serializedVersion: 6
  m_Component:
  - component: {fileID: 1623889548}
  m_Layer: 0
  m_Name: Scene Lights
  m_TagString: Untagged
  m_Icon: {fileID: 0}
  m_NavMeshLayer: 0
  m_StaticEditorFlags: 0
  m_IsActive: 1
--- !u!4 &1623889548
Transform:
  m_ObjectHideFlags: 0
  m_CorrespondingSourceObject: {fileID: 0}
  m_PrefabInstance: {fileID: 0}
  m_PrefabAsset: {fileID: 0}
  m_GameObject: {fileID: 1623889547}
  m_LocalRotation: {x: 0, y: 1, z: 0, w: 0}
  m_LocalPosition: {x: -1.856, y: -1.3174, z: 6.8440995}
  m_LocalScale: {x: 1, y: 1, z: 1}
  m_Children:
  - {fileID: 1792079062}
  m_Father: {fileID: 0}
  m_RootOrder: 2
  m_LocalEulerAnglesHint: {x: 0, y: 180, z: 0}
--- !u!65 &1623889550
BoxCollider:
  m_ObjectHideFlags: 0
  m_CorrespondingSourceObject: {fileID: 0}
  m_PrefabInstance: {fileID: 0}
  m_PrefabAsset: {fileID: 0}
  m_GameObject: {fileID: 268119943}
  m_Material: {fileID: 0}
  m_IsTrigger: 0
  m_Enabled: 1
  serializedVersion: 2
  m_Size: {x: 1, y: 1, z: 1}
  m_Center: {x: 0, y: 0, z: 0}
--- !u!23 &1623889551
MeshRenderer:
  m_ObjectHideFlags: 0
  m_CorrespondingSourceObject: {fileID: 0}
  m_PrefabInstance: {fileID: 0}
  m_PrefabAsset: {fileID: 0}
  m_GameObject: {fileID: 268119943}
  m_Enabled: 1
  m_CastShadows: 1
  m_ReceiveShadows: 1
  m_DynamicOccludee: 1
  m_MotionVectors: 1
  m_LightProbeUsage: 1
  m_ReflectionProbeUsage: 1
  m_RayTracingMode: 2
  m_RenderingLayerMask: 1
  m_RendererPriority: 0
  m_Materials:
  - {fileID: 2100000, guid: e63ff64b977a0f047a6d6b4dd7203b62, type: 2}
  m_StaticBatchInfo:
    firstSubMesh: 0
    subMeshCount: 0
  m_StaticBatchRoot: {fileID: 0}
  m_ProbeAnchor: {fileID: 0}
  m_LightProbeVolumeOverride: {fileID: 0}
  m_ScaleInLightmap: 1
  m_ReceiveGI: 1
  m_PreserveUVs: 0
  m_IgnoreNormalsForChartDetection: 0
  m_ImportantGI: 0
  m_StitchLightmapSeams: 1
  m_SelectedEditorRenderState: 3
  m_MinimumChartSize: 4
  m_AutoUVMaxDistance: 0.5
  m_AutoUVMaxAngle: 89
  m_LightmapParameters: {fileID: 0}
  m_SortingLayerID: 0
  m_SortingLayer: 0
  m_SortingOrder: 0
--- !u!33 &1623889552
MeshFilter:
  m_ObjectHideFlags: 0
  m_CorrespondingSourceObject: {fileID: 0}
  m_PrefabInstance: {fileID: 0}
  m_PrefabAsset: {fileID: 0}
  m_GameObject: {fileID: 268119943}
  m_Mesh: {fileID: 10202, guid: 0000000000000000e000000000000000, type: 0}
--- !u!1 &1732268590
GameObject:
  m_ObjectHideFlags: 0
  m_CorrespondingSourceObject: {fileID: 0}
  m_PrefabInstance: {fileID: 0}
  m_PrefabAsset: {fileID: 0}
  serializedVersion: 6
  m_Component:
  - component: {fileID: 1732268591}
  m_Layer: 0
  m_Name: Static Geometry
  m_TagString: Untagged
  m_Icon: {fileID: 0}
  m_NavMeshLayer: 0
  m_StaticEditorFlags: 4294967295
  m_IsActive: 1
--- !u!4 &1732268591
Transform:
  m_ObjectHideFlags: 0
  m_CorrespondingSourceObject: {fileID: 0}
  m_PrefabInstance: {fileID: 0}
  m_PrefabAsset: {fileID: 0}
  m_GameObject: {fileID: 1732268590}
  m_LocalRotation: {x: 0, y: 1, z: 0, w: 0}
  m_LocalPosition: {x: -1.856, y: -1.3174, z: 6.8441}
  m_LocalScale: {x: 1, y: 1, z: 1}
  m_Children:
  - {fileID: 356482320}
  - {fileID: 268119944}
  - {fileID: 1796543859}
  - {fileID: 890216984}
  m_Father: {fileID: 0}
  m_RootOrder: 0
  m_LocalEulerAnglesHint: {x: 0, y: 180, z: 0}
--- !u!1 &1781557161
GameObject:
  m_ObjectHideFlags: 1
  m_CorrespondingSourceObject: {fileID: 0}
  m_PrefabInstance: {fileID: 0}
  m_PrefabAsset: {fileID: 0}
  serializedVersion: 6
  m_Component:
  - component: {fileID: 1781557163}
  - component: {fileID: 1781557162}
  m_Layer: 0
  m_Name: '!ftraceLightmaps'
  m_TagString: Untagged
  m_Icon: {fileID: 0}
  m_NavMeshLayer: 0
  m_StaticEditorFlags: 0
  m_IsActive: 1
--- !u!114 &1781557162
MonoBehaviour:
  m_ObjectHideFlags: 1
  m_CorrespondingSourceObject: {fileID: 0}
  m_PrefabInstance: {fileID: 0}
  m_PrefabAsset: {fileID: 0}
  m_GameObject: {fileID: 1781557161}
  m_Enabled: 1
  m_EditorHideFlags: 0
  m_Script: {fileID: 11500000, guid: b7fa80e7116296f4eb4f49ec1544ee22, type: 3}
  m_Name: 
  m_EditorClassIdentifier: 
  renderSettingsBounces: 5
  renderSettingsGISamples: 16
  renderSettingsGIBackFaceWeight: 0
  renderSettingsTileSize: 512
  renderSettingsPriority: 2
  renderSettingsTexelsPerUnit: 20
  renderSettingsForceRefresh: 1
  renderSettingsForceRebuildGeometry: 1
  renderSettingsPerformRendering: 1
  renderSettingsUserRenderMode: 0
  renderSettingsDistanceShadowmask: 0
  renderSettingsSettingsMode: 0
  renderSettingsFixSeams: 1
  renderSettingsDenoise: 1
  renderSettingsDenoise2x: 0
  renderSettingsEncode: 1
  renderSettingsEncodeMode: 0
  renderSettingsOverwriteWarning: 0
  renderSettingsAutoAtlas: 1
  renderSettingsUnwrapUVs: 1
  renderSettingsForceDisableUnwrapUVs: 0
  renderSettingsMaxAutoResolution: 4096
  renderSettingsMinAutoResolution: 16
  renderSettingsUnloadScenes: 1
  renderSettingsAdjustSamples: 1
  renderSettingsGILODMode: 2
  renderSettingsGILODModeEnabled: 0
  renderSettingsCheckOverlaps: 0
  renderSettingsSkipOutOfBoundsUVs: 1
  renderSettingsHackEmissiveBoost: 1
  renderSettingsHackIndirectBoost: 1
  renderSettingsTempPath: 
  renderSettingsOutPath: 
  renderSettingsUseScenePath: 0
  renderSettingsHackAOIntensity: 0
  renderSettingsHackAOSamples: 16
  renderSettingsHackAORadius: 1
  renderSettingsShowAOSettings: 0
  renderSettingsShowTasks: 1
  renderSettingsShowTasks2: 0
  renderSettingsShowPaths: 1
  renderSettingsShowNet: 1
  renderSettingsOcclusionProbes: 0
  renderSettingsTexelsPerMap: 0
  renderSettingsTexelsColor: 1
  renderSettingsTexelsMask: 1
  renderSettingsTexelsDir: 1
  renderSettingsShowDirWarning: 1
  renderSettingsRenderDirMode: 0
  renderSettingsShowCheckerSettings: 0
  renderSettingsSamplesWarning: 1
  renderSettingsPrefabWarning: 1
  renderSettingsSplitByScene: 0
  renderSettingsUVPaddingMax: 0
  renderSettingsPostPacking: 1
  renderSettingsHoleFilling: 0
  renderSettingsBeepOnFinish: 0
  renderSettingsExportTerrainAsHeightmap: 1
  renderSettingsRTXMode: 0
  renderSettingsLightProbeMode: 1
  renderSettingsClientMode: 0
  renderSettingsServerAddress: 127.0.0.1
  renderSettingsUnwrapper: 0
  renderSettingsDenoiserType: 100
  renderSettingsExportTerrainTrees: 0
  renderSettingsShowPerf: 1
  renderSettingsSampleDiv: 1
  renderSettingsAtlasPacker: 0
  renderSettingsBatchPoints: 1
  renderSettingsCompressVolumes: 0
  renderSettingsSector: {fileID: 0}
  renderSettingsRTPVExport: 1
  renderSettingsRTPVSceneView: 0
  renderSettingsRTPVWidth: 640
  renderSettingsRTPVHeight: 360
  lastBakeTime: 0
  enlightenWarningShown: 0
  enlightenWarningShown2: 0
  lightUIDs: 
  lights: []
  implicitGroups: []
  implicitGroupedObjects: []
  bounds: []
  hasEmissive: 
  uvBuffOffsets: 
  uvBuffLengths: 
  uvSrcBuff: []
  uvDestBuff: []
  lmrIndicesOffsets: 
  lmrIndicesLengths: 
  lmrIndicesBuff: 
  lmGroupLODResFlags: 
  lmGroupMinLOD: 
  lmGroupLODMatrix: 
  serverGetFileList: []
  lightmapHasColor: 
  lightmapHasMask: 
  lightmapHasDir: 
  lightmapHasRNM: 
  modifiedAssetPathList: []
  modifiedAssets: []
  maps: []
  masks: []
  dirMaps: []
  rnmMaps0: []
  rnmMaps1: []
  rnmMaps2: []
  mapsMode: 
  bakedRenderers: []
  bakedIDs: 
  bakedScaleOffset: []
  bakedVertexOffset: 
  bakedVertexColorMesh: []
  nonBakedRenderers: []
  bakedLights: []
  bakedLightChannels: 
  bakedRenderersTerrain: []
  bakedIDsTerrain: 
  bakedScaleOffsetTerrain: []
  assetList: []
  uvOverlapAssetList: 
  idremap: 
  usesRealtimeGI: 0
  emptyDirectionTex: {fileID: 0}
  anyVolumes: 0
  compressedVolumes: 0
  sectors: []
--- !u!4 &1781557163
Transform:
  m_ObjectHideFlags: 1
  m_CorrespondingSourceObject: {fileID: 0}
  m_PrefabInstance: {fileID: 0}
  m_PrefabAsset: {fileID: 0}
  m_GameObject: {fileID: 1781557161}
  m_LocalRotation: {x: 0, y: 0, z: 0, w: 1}
  m_LocalPosition: {x: 0, y: 0, z: 0}
  m_LocalScale: {x: 1, y: 1, z: 1}
  m_Children: []
  m_Father: {fileID: 0}
  m_RootOrder: 5
  m_LocalEulerAnglesHint: {x: 0, y: 0, z: 0}
--- !u!1 &1792079061
GameObject:
  m_ObjectHideFlags: 0
  m_CorrespondingSourceObject: {fileID: 0}
  m_PrefabInstance: {fileID: 0}
  m_PrefabAsset: {fileID: 0}
  serializedVersion: 6
  m_Component:
  - component: {fileID: 1792079062}
  - component: {fileID: 1792079063}
  - component: {fileID: 1792079064}
  m_Layer: 0
  m_Name: MLS_Light_Point Light_0
  m_TagString: Untagged
  m_Icon: {fileID: 0}
  m_NavMeshLayer: 0
  m_StaticEditorFlags: 0
  m_IsActive: 1
--- !u!4 &1792079062
Transform:
  m_ObjectHideFlags: 0
  m_CorrespondingSourceObject: {fileID: 0}
  m_PrefabInstance: {fileID: 0}
  m_PrefabAsset: {fileID: 0}
  m_GameObject: {fileID: 1792079061}
  m_LocalRotation: {x: -0, y: -0, z: -0, w: 1}
  m_LocalPosition: {x: -4.87, y: 2.91, z: -6.14}
  m_LocalScale: {x: 1, y: 1, z: 1}
  m_Children: []
  m_Father: {fileID: 1623889548}
  m_RootOrder: 0
  m_LocalEulerAnglesHint: {x: -0, y: -0, z: -0}
--- !u!108 &1792079063
Light:
  m_ObjectHideFlags: 0
  m_CorrespondingSourceObject: {fileID: 0}
  m_PrefabInstance: {fileID: 0}
  m_PrefabAsset: {fileID: 0}
  m_GameObject: {fileID: 1792079061}
  m_Enabled: 1
  serializedVersion: 10
  m_Type: 2
  m_Shape: 0
  m_Color: {r: 0, g: 0.3359518, b: 1, a: 1}
  m_Intensity: 0.7614691
  m_Range: 10
  m_SpotAngle: 1
  m_InnerSpotAngle: 0
  m_CookieSize: 10
  m_Shadows:
    m_Type: 2
    m_Resolution: -1
    m_CustomResolution: -1
    m_Strength: 1
    m_Bias: 0.05
    m_NormalBias: 0.4
    m_NearPlane: 0.2
    m_CullingMatrixOverride:
      e00: 1
      e01: 0
      e02: 0
      e03: 0
      e10: 0
      e11: 1
      e12: 0
      e13: 0
      e20: 0
      e21: 0
      e22: 1
      e23: 0
      e30: 0
      e31: 0
      e32: 0
      e33: 1
    m_UseCullingMatrixOverride: 0
  m_Cookie: {fileID: 0}
  m_DrawHalo: 0
  m_Flare: {fileID: 0}
  m_RenderMode: 0
  m_CullingMask:
    serializedVersion: 2
    m_Bits: 4294967295
  m_RenderingLayerMask: 1
  m_Lightmapping: 2
  m_LightShadowCasterMode: 2
  m_AreaSize: {x: 1, y: 1}
  m_BounceIntensity: 0
  m_ColorTemperature: 6570
  m_UseColorTemperature: 0
  m_BoundingSphereOverride: {x: 0, y: 0, z: 0, w: 0}
  m_UseBoundingSphereOverride: 0
  m_ShadowRadius: 0
  m_ShadowAngle: 0
--- !u!114 &1792079064
MonoBehaviour:
  m_ObjectHideFlags: 0
  m_CorrespondingSourceObject: {fileID: 0}
  m_PrefabInstance: {fileID: 0}
  m_PrefabAsset: {fileID: 0}
  m_GameObject: {fileID: 1792079061}
  m_Enabled: 1
  m_EditorHideFlags: 0
  m_Script: {fileID: 11500000, guid: 9ee6a977029fe094d8df9981b1e750ad, type: 3}
  m_Name: 
  m_EditorClassIdentifier: 
  exludeFromStoring: 0
  lightGUID: ba8c07ab-5253-4ba6-af3c-6693ecc21a6a
  destroyedFromManager: 0
  lastEditedBy: New Preset_0
  editedDirectly: 0
  presetManagerActive: 0
  light: {fileID: 1792079063}
--- !u!1 &1796543858
GameObject:
  m_ObjectHideFlags: 0
  m_CorrespondingSourceObject: {fileID: 0}
  m_PrefabInstance: {fileID: 0}
  m_PrefabAsset: {fileID: 0}
  serializedVersion: 6
  m_Component:
  - component: {fileID: 1796543859}
  - component: {fileID: 1796543863}
  - component: {fileID: 1796543862}
  - component: {fileID: 1796543861}
  - component: {fileID: 1796543860}
  m_Layer: 0
  m_Name: Cube (11)
  m_TagString: Untagged
  m_Icon: {fileID: 0}
  m_NavMeshLayer: 0
  m_StaticEditorFlags: 4294967295
  m_IsActive: 1
--- !u!4 &1796543859
Transform:
  m_ObjectHideFlags: 0
  m_CorrespondingSourceObject: {fileID: 0}
  m_PrefabInstance: {fileID: 0}
  m_PrefabAsset: {fileID: 0}
  m_GameObject: {fileID: 1796543858}
  m_LocalRotation: {x: -0, y: 0.7071068, z: -0, w: 0.7071068}
  m_LocalPosition: {x: -6.5398, y: 4.0674, z: -2.897}
  m_LocalScale: {x: 9.482131, y: 5, z: 0.5}
  m_Children: []
  m_Father: {fileID: 1732268591}
  m_RootOrder: 2
  m_LocalEulerAnglesHint: {x: 0, y: 90, z: 0}
--- !u!114 &1796543860
MonoBehaviour:
  m_ObjectHideFlags: 0
  m_CorrespondingSourceObject: {fileID: 0}
  m_PrefabInstance: {fileID: 0}
  m_PrefabAsset: {fileID: 0}
  m_GameObject: {fileID: 1796543858}
  m_Enabled: 1
  m_EditorHideFlags: 0
  m_Script: {fileID: 11500000, guid: 54a5e6f88221bd244b7ac03313e22d1e, type: 3}
  m_Name: 
  m_EditorClassIdentifier: 
  scriptId: 73b590a9-08c7-42de-b5de-64c36c3cd723
  parentScene: Scene D
  defaultMesh: {fileID: 0}
  defaultTransform: {fileID: 0}
--- !u!65 &1796543861
BoxCollider:
  m_ObjectHideFlags: 0
  m_CorrespondingSourceObject: {fileID: 0}
  m_PrefabInstance: {fileID: 0}
  m_PrefabAsset: {fileID: 0}
  m_GameObject: {fileID: 1796543858}
  m_Material: {fileID: 0}
  m_IsTrigger: 0
  m_Enabled: 1
  serializedVersion: 2
  m_Size: {x: 1, y: 1, z: 1}
  m_Center: {x: 0, y: 0, z: 0}
--- !u!23 &1796543862
MeshRenderer:
  m_ObjectHideFlags: 0
  m_CorrespondingSourceObject: {fileID: 0}
  m_PrefabInstance: {fileID: 0}
  m_PrefabAsset: {fileID: 0}
  m_GameObject: {fileID: 1796543858}
  m_Enabled: 1
  m_CastShadows: 1
  m_ReceiveShadows: 1
  m_DynamicOccludee: 1
  m_MotionVectors: 1
  m_LightProbeUsage: 1
  m_ReflectionProbeUsage: 1
  m_RayTracingMode: 2
  m_RenderingLayerMask: 1
  m_RendererPriority: 0
  m_Materials:
  - {fileID: 2100000, guid: e63ff64b977a0f047a6d6b4dd7203b62, type: 2}
  m_StaticBatchInfo:
    firstSubMesh: 0
    subMeshCount: 0
  m_StaticBatchRoot: {fileID: 0}
  m_ProbeAnchor: {fileID: 0}
  m_LightProbeVolumeOverride: {fileID: 0}
  m_ScaleInLightmap: 1
  m_ReceiveGI: 1
  m_PreserveUVs: 0
  m_IgnoreNormalsForChartDetection: 0
  m_ImportantGI: 0
  m_StitchLightmapSeams: 1
  m_SelectedEditorRenderState: 3
  m_MinimumChartSize: 4
  m_AutoUVMaxDistance: 0.5
  m_AutoUVMaxAngle: 89
  m_LightmapParameters: {fileID: 0}
  m_SortingLayerID: 0
  m_SortingLayer: 0
  m_SortingOrder: 0
--- !u!33 &1796543863
MeshFilter:
  m_ObjectHideFlags: 0
  m_CorrespondingSourceObject: {fileID: 0}
  m_PrefabInstance: {fileID: 0}
  m_PrefabAsset: {fileID: 0}
  m_GameObject: {fileID: 1796543858}
  m_Mesh: {fileID: 10202, guid: 0000000000000000e000000000000000, type: 0}
